 Dungeon Crawl Stone Soup version 0.27.0-1-g7a089689b8 (webtiles) character file.

Game seed: 14278241947610837887

81 hawla the Grave Robber (level 4, -2/37 HPs)
             Began as a Deep Elf Necromancer on Aug 8, 2021.
             Slain by Purgy (3 damage)
             ... in a sewer.
             The game lasted 00:07:16 (2963 turns).

hawla the Grave Robber (Deep Elf Necromancer)       Turns: 2963, Time: 00:07:17

Health: -2/37      AC:  2    Str:  2 (5)  XL:     4   Next: 20%
Magic:  1/10       EV: 13    Int: 20 (21) God:
Gold:   138        SH:  0    Dex: 14 (15) Spells: 1/9 levels left

rFire    . . .     SeeInvis .   k - +0 dagger
rCold    . . .     Faith    .   (no shield)
rNeg     . . .     Spirit   .   a - +0 robe
rPois    .         Reflect  .   (no helmet)
rElec    .         Harm     .   (no cloak)
rCorr    .         Rampage  .   (no gloves)
Will     .....                  (no boots)
Stlth    ..........             (no amulet)
HPRegen  0.12/turn              (no ring)
MPRegen  0.12/turn              (no ring)

@: berserking, slow
A: no striking features
a: no special abilities


You were in a sewer.
You visited 1 branch of the dungeon, and saw 3 of its levels.
You also visited: Sewer.

You collected 138 gold pieces.

Inventory:

Hand Weapons
 k - a +0 dagger (weapon)
Missiles
 b - 11 poisoned darts
Armour
 a - a +0 robe (worn)
Scrolls
 e - a scroll of brand weapon {unknown}
 g - a scroll of identify
 j - a scroll of fear {unknown}
 l - a scroll of magic mapping
 q - a scroll of summoning
Potions
 c - a potion of attraction
 d - a potion of curing
 i - a potion of berserk rage
 m - 2 potions of magic {unknown}
 n - a potion of invisibility {unknown}
 o - a potion of resistance {unknown}
 p - a potion of cancellation {unknown}


   Skills:
 - Level 1.0 Fighting
 + Level 0.5 Throwing
 - Level 3.0 Dodging
 - Level 3.0 Stealth
 + Level 3.0 Spellcasting
 + Level 0.4 Summonings
 + Level 6.0 Necromancy


You had one spell level left.
You knew the following spells:

 Your Spells              Type           Power      Damage    Failure   Level
a - Pain                  Necr           100%       1d9       1%          1
b - Vampiric Draining     Necr           13%        2d7       3%          3
c - Animate Dead          Necr           13%        N/A       12%         4

Your spell library contained the following spells:

 Spells                   Type           Power      Damage    Failure   Level
 Animate Skeleton         Necr           54%        N/A       1%          1
 Summon Small Mammal      Summ           16%        N/A       12%         1
 Agony                    Necr           27%        N/A       32%         5
 Call Canine Familiar     Summ           4%         N/A       36%         3
 Summon Guardian Golem    Hex/Summ       3%         N/A       36%         3
 Inner Flame              Hex/Fire       3%         N/A       38%         3
 Summon Lightning Spire   Summ/Air       3%         N/A       78%         4
 Cause Fear               Hex            1%         N/A       80%         4
 Storm Form               Tmut/Air       1%         N/A       100%        7
 Discord                  Hex            1%         N/A       100%        8
 Maxwell's Capacitive Co  Air            1%         ∞         100%        8


Dungeon Overview and Level Annotations

Branches:
Dungeon (3/15)              Sewer (1/1)

Altars:
Fedhas

Annotations:
Sewer Purgy


Message History

Casting: Vampiric Draining (quite dangerous; 3% risk of failure)
Confirm with . or Enter, or press ? or * to list all spells.
Aiming: Pain (safe; 1% risk of failure)
Press: ? - help, Shift-Dir - straight line, f/p - Purgy
Aim: Purgy (heavily wounded, chance to affect: 89%) Purgy writhes in agony!
Purgy bites you! Purgy claws you. x2
It was a potion of degeneration.
There was something very wrong with that liquid.
You feel weakened.
You feel dopey.
You feel clumsy.
Purgy pleads, "Don't hit me!"
Purgy completely misses you. Purgy barely misses you.
Purgy claws you but does no damage.
It was a potion of berserk rage.
A red film seems to cover your vision as you go berserk!
You feel yourself moving faster!
You feel mighty! Purgy closely misses you. Purgy barely misses you.
Purgy closely misses you.
Your unstable footing causes you to fumble your attack.
You hit Purgy.
Purgy is severely wounded.
Purgy barely misses you. Purgy claws you. x2
Your unstable footing causes you to fumble your attack.
Purgy barely misses you. Purgy claws you. x2
You closely miss Purgy.
Purgy is severely wounded.
You closely miss Purgy.
Purgy is severely wounded.
Purgy looks around nervously.
Purgy misses you. Purgy claws you. Purgy misses you.
You closely miss Purgy.
Purgy is severely wounded.
Purgy bites you!
* * * LOW HITPOINT WARNING * * *
Purgy completely misses you. Purgy closely misses you.
You barely miss Purgy.
Purgy is severely wounded.
Your unstable footing causes you to fumble your attack.
Purgy closely misses you. Purgy claws you.
* * * LOW HITPOINT WARNING * * *
Purgy claws you.
You die...

##≈≈≈≈≈≈# #####
# #≈≈≈≈≈≈≈.##
#...######
##≈≈≈≈≈≈≈.##
#.∩≈≈≈≈≈≈.
#≈≈≈≈≈≈≈≈≈∩#
#...######
≈≈≈≈≈≈≈≈≈≈∩#
#####
##≈≈≈≈≈≈≈≈.#
#≈≈≈≈≈≈≈.##
#≈≈≈≈≈≈≈≈#### #
#≈≈≈≈≈≈≈≈@≈.# #
≈≈≈≈≈≈≈≈≈T#.# #
≈≈≈≈≈≈≈≈≈≈≈.
#.≈≈≈
#≈≈≈≈≈≈≈≈≈≈≈≈.
#..≈≈≈
#≈≈≈≈≈≈≈≈≈≈≈≈##
#.≈≈≈≈≈
≈≈≈≈≈≈≈≈≈≈≈≈≈≈#
≈≈≈≈≈≈≈
##≈≈≈≈≈≈≈≈≈≈≈≈≈≈
≈≈≈≈≈≈≈
#≈≈≈≈≈≈≈≈≈≈≈≈≈≈
≈≈≈≈≈≈≈ ≈≈≈≈≈≈≈


You could see Purgy.

Vanquished Creatures
  An adder (D:3)
  A worm (D:3)
  3 dart slugs
  An orc (D:3)
  8 ball pythons
  2 endoplasms
  3 giant cockroaches
  5 hobgoblins
  9 jackals
  5 kobolds (D:1)
  A quokka (D:1)
  5 bats
  5 frilled lizards
  A goblin (D:2)
  10 rats
60 creatures vanquished.

Vanquished Creatures (collateral kills)
  A kobold (D:2)
1 creature vanquished.

Grand Total: 61 creatures vanquished

Notes
Turn   | Place    | Note
-------+----------+-------------------------------------------
     0 | D:1      | hawla the Deep Elf Necromancer began the quest for the Orb.
     0 | D:1      | Reached XP level 1. HP: 10/10 MP: 6/6
    45 | D:1      | Reached skill level 5 in Necromancy
   174 | D:1      | Reached XP level 2. HP: 7/15 MP: 4/8
  1145 | D:1      | Reached XP level 3. HP: 14/20 MP: 4/9
  1383 | D:1      | Reached skill level 1 in Fighting
  1872 | D:2      | Found a blossoming altar of Fedhas.
  2333 | D:2      | Learned a level 3 spell: Vampiric Draining
  2510 | D:3      | Found a glowing drain.
  2516 | D:3      | Reached skill level 6 in Necromancy
  2517 | D:3      | Reached XP level 4. HP: 20/25 MP: 6/10
  2540 | D:3      | Learned a level 4 spell: Animate Dead
  2601 | Sewer    | Entered a sewer
  2805 | Sewer    | Noticed Purgy
  2963 | Sewer    | HP: 1/37 [Purgy (4)]
  2963 | Sewer    | Slain by Purgy

Illustrated notes

Levels and vault maps discovered:
D:1:      matt_arrival_grand_opening, layout_loops_ring,
          amcnicky_mini_corridor_feature, minmay_tetromino_s4
D:2:      layout_rooms, basic_altar
D:3:      layout_basic, portal_sewer_entry_b, patterned_corridor
Sewer:    sewer_co_purgy_island

Skill      XL: |  1  2  3 |
---------------+----------+-----
Necromancy     | 5 6 |  6.0
Stealth        | 3 |  3.0
Dodging        | 3 |  3.0
Fighting       | 1 |  1.0
Throwing       | |  0.5
Spellcasting   | |  3.0
Summonings     | |  0.4

Action                   |  1- 3 |  4- 6 || total
-------------------------+-------+-------++-------
Melee: Unarmed           |     2 |       ||     2
       Dagger            |       |     8 ||     8
 Cast: Pain              |    79 |    24 ||   103
       Vampiric Draining |       |     4 ||     4
  Use: Scroll            |     7 |     1 ||     8
       Potion            |       |     2 ||     2
Armor: Robe              |     5 |     6 ||    11
Dodge: Dodged            |    20 |    21 ||    41
